 Dungeon Crawl Stone Soup version 0.31.0-32-g396128a36d (webtiles) character file.

Game seed: 8844905923169557714

5488 Henri the Grappler (level 10, -12/72 HPs)
             Began as an Octopode Shapeshifter on Mar 29, 2024.
             Was a Follower of Dithmenos.
             Mangled by a reaper
             ... wielding a +0 heavy scythe
              (50 damage)
             ... in a Gauntlet.
             The game lasted 00:26:33 (10922 turns).

Henri the Grappler (Octopode Shapeshifter)         Turns: 10922, Time: 00:26:34

Health: -12/72     AC:  9    Str: 17    XL:     10   Next: 69%
Magic:  10/10      EV: 13    Int: 13    God:    Dithmenos [*.....]
Gold:   1275       SH:  0    Dex: 12    Spells: 9/9 levels left

rFire   . .          .
                       - Unarmed
rCold   . . .        (no shield)
rNeg    . . .        (helmet currently unavailable)
rPois   +            (no amulet)
rElec   .            k - ring of flight
rCorr   .            r - ring of poison resistance
SInv    +            G - +4 ring of protection
Will    .....        H - +4 ring of slaying
Stlth   ++++         M - +4 ring of protection
HPRegen 0.32/turn    Q - ring of see invisible
MPRegen 0.12/turn    (no ring)
                     (no ring)

%: no teleportation
@: beast-form, flying, wreathed by umbra
A: beast (slay +4), almost no armour, amphibious, 8 rings, camouflage 1,
gelatinous body 1, (nimble swimmer 1), tentacles
a: Begin Untransformation, Renounce Religion


You were in a Gauntlet.
You worshipped Dithmenos.
Dithmenos was aware of your devotion.
You were a hulking beast.
You visited 2 branches of the dungeon, and saw 12 of its levels.
You also visited: Sewer and Gauntlet.

You collected 1319 gold pieces.
You spent 44 gold pieces at shops.

Inventory:

Missiles
 y - 10 poisoned darts (quivered)
Armour
 h - a +2 hat
Jewellery
 f - the amulet of the Priest {RegenMP rCorr Int+3 Dex-3}
   (You found it in a Gauntlet)

   [amulet of magic regeneration]

   RegenMP:   It increases your rate of magic regeneration.
   Int+3:     It affects your intelligence (+3).
   Dex-3:     It affects your dexterity (-3).
   rCorr:     It protects you from acid and corrosion.
 k - a ring of flight (left tentacle)
 l - a ring of fire
 m - an amulet of magic regeneration
 p - a ring of magical power
 r - a ring of poison resistance (right tentacle)
 s - a ring of magical power
 A - a ring of willpower
 G - a +4 ring of protection (on tentacle)
 H - a +4 ring of slaying (on tentacle)
 M - a +4 ring of protection (on tentacle)
 Q - a ring of see invisible (on tentacle)
Talismans
 b - a beast talisman
 c - a flux talisman
 L - a serpent talisman
Wands
 x - a wand of mindburst (21)
 B - a wand of flame (14)
 J - a wand of digging (15)
 K - a wand of charming (5)
 O - a wand of quicksilver (4)
Scrolls
 e - a scroll of enchant weapon
 j - 3 scrolls of vulnerability
 n - a scroll of fear
 q - a scroll of fog
 w - 3 scrolls of butterflies {unknown}
 z - 2 scrolls of blinking
 C - a scroll of brand weapon
 D - 3 scrolls of poison
 S - 2 scrolls of identify
Potions
 a - a potion of lignification
 d - 3 potions of curing
 g - 2 potions of enlightenment
 i - 3 potions of degeneration
 o - 5 potions of heal wounds
 t - a potion of brilliance
 u - a potion of cancellation
 v - a potion of invisibility
 E - a potion of magic
 F - 3 potions of haste
 I - a potion of berserk rage
 P - a potion of attraction
 R - a potion of mutation


   Skills:
 + Level 7.9 Fighting
 - Level 2.0 Dodging
 + Level 3.6 Stealth
 * Level 11.4 Unarmed Combat
 + Level 7.4 Shapeshifting


You had 9 spell levels left.
You didn't know any spells.
Your spell library contained the following spells:

 Spells                   Type           Power      Damage    Failure   Level
 Apportation              Tloc           0%         N/A       30%         1
 Foxfire                  Conj/Fire      0%         2x1d4     30%         1
 Magic Dart               Conj           0%         1d3       30%         1
 Necrotise                Necr           0%         1d4       30%         1
 Sandblast                Erth           0%         2d4       30%         1
 Sting                    Conj/Alch      0%         1d3       30%         1
 Summon Small Mammal      Summ           0%         N/A       30%         1
 Blink                    Tloc           0%         N/A       43%         2
 Call Imp                 Summ           0%         N/A       43%         2
 Hailstorm                Conj/Ice       0%         3d5       67%         3
 Passwall                 Erth           0%         N/A       67%         3
 Stone Arrow              Conj/Erth      0%         3d7       67%         3
 Summon Ice Beast         Ice/Summ       0%         N/A       67%         3
 Brom's Barrelling Bould  Conj/Erth      0%         2d3       97%         4
 Vhi's Electric Charge    Tloc/Air       0%         N/A       97%         4
 Arcjolt                  Conj/Air       0%         1d10      100%        5
 Plasma Beam              Fire/Air       0%         2x1d10    100%        6
 Sculpt Simulacrum        Ice/Alch       0%         N/A       100%        6
 Starburst                Conj/Fire      0%         6d3       100%        6
 Maxwell's Capacitive Co  Air            0%         ∞         100%        8


Dungeon Overview and Level Annotations

Branches:
Dungeon (11/15)            Temple (1/1) D:4             Orc (0/2) D:9
  Sewer (visited)         Gauntlet (1/1)
   Lair: D:8-11

Altars:
Ashenzari
Cheibriados
Dithmenos
Elyvilon
Fedhas
Gozag
Hepliaklqana
Kikubaaqudgha
Makhleb
Nemelex Xobeh
Okawaru
Qazlal
Ru
Sif Muna
Uskayaw
Vehumet
Wu Jian
Xom
Yredelemnul
Zin
The Shining One

Shops:
D:3 :   D:10 ?

Annotations:
Gauntlet 11 transporters, 1 runed translucent door


Innate Abilities, Weirdness & Mutations

You are a hulking beast.
Your limbs bulge with bestial killing power. (Slay +4)
You cannot wear most types of armour.
You are amphibious.
You can wear up to eight rings at the same time.
Your skin changes colour to match your surroundings (Stealth+).
Your rubbery body absorbs attacks. (AC +1, EV +1)
((You are camouflaged when in or above water. (Stealth+)))
You have tentacles for arms and can constrict up to eight enemies at once.


Message History

Partly explored, unvisited transporter.
Partly explored, unvisited transporter.
Q - a ring of see invisible (on tentacle)
The shadow imp shouts, "Bolt, thou artless flap-mouthed urchin!"
The shadow imp summons a swarm of flies.
The shadow imp sputters.
The shadow imp picks up a beetle and eats it.
There is a transporter here.
The wolf spider's many legs skitter.
There is a transporter here.
Press: ? - help, v - describe, . - travel, g - get item Item here: a pitted brass amulet.
The floor.
Unknown command.
The shadow imp grins evilly.
There is a transporter here.
You enter the transporter and appear at another place.
You reach down and open the door.
You closely miss the shadow imp. You grab the shadow imp.
You constrict the shadow imp. The shadow imp barely misses you.
You bludgeon the shadow imp!
You kill the shadow imp!
Dithmenos accepts your kill.
You reach down and close the door.
You reach down and open the door.
The shadow imp barely misses you.
There is an open translucent door here.
You see here the amulet of the Priest {RegenMP rCorr Int+3 Dex-3}.
f - the amulet of the Priest {RegenMP rCorr Int+3 Dex-3}
There is a transporter here.
You see here 3 scrolls labelled ICLEAZ GELISH.
w - 3 scrolls labelled ICLEAZ GELISH You see here a ring of willpower.
A - a ring of willpower The reaper hits you from afar with a +0 heavy scythe!!
The reaper drags you backwards!
Unknown command.
The reaper hits you from afar with a +0 heavy scythe!!!
Ouch! That really hurt!
You die...

#######.......©.......≈#
......#...#########...##
....#.#...#......^#..§§#
####..#...#.#####.#..§##
#.##..#...#.'...+.#...≈#
.©....#.8.#.#.©.#.#.8§##
#.##.Z#...#.#≈≈~#.#.§§§#
####.Z#...#.#####.#...##
.Z..#Z#...#^.52.h.#...≈#
?©[!..#...#########...##
#######.....#.©.#.....≈#
.©.#....8...#.8.#...8.##
...#........#.©.#......##
.©.#.....###########...≈#
######...#.#..##*###...##
#.#..#...#.##.##.###...≈#
.#.#.#...#.. #..#x3#..§##


You could see a reaper, a wretched star and a shadow imp.

Vanquished Creatures
  Pikel (D:5)
  A komodo dragon (D:8)
  A hornet (D:10)
  2 wyverns (D:10)
  A wraith (D:10)
  A warg (D:9)
  3 steam dragons
  An acid dragon (D:9)
  A water moccasin (D:7)
  2 orc warriors
  2 ice beasts
  2 sky beasts (D:7)
  4 ogres
  A crocodile (Sewer)
  2 wolves (D:9)
  2 centaurs
  A lemure (D:5)
  A kobold brigand (D:6)
  A bullfrog (D:8)
  4 scorpions
  7 wights
  A bombardier beetle (D:5)
  5 howler monkeys
  A jelly (D:6)
  A sleepcap (D:7)
  6 orc priests
  3 hounds
  Jessica (D:3)
  17 orc wizards
  5 iguanas
  3 gnolls (D:5)
  4 adders
  A river rat (D:5)
  2 shadow imps
  2 white imps
  4 ribbon worms
  4 dart slugs
  52 orcs
  7 endoplasms
  9 giant cockroaches
  10 goblins
  7 hobgoblins
  5 jackals
  2 quokkas (D:5)
  7 ball pythons
  4 bats
  A frilled lizard (D:3)
  15 kobolds
  6 rats
226 creatures vanquished.

Notes
Turn   | Place    | Note
-------+----------+-------------------------------------------
     0 | D:1      | Henri the Octopode Shapeshifter began the quest for the
                  | Orb.
     0 | D:1      | Reached XP level 1. HP: 13/13 MP: 1/1
   117 | D:1      | Reached XP level 2. HP: 17/18 MP: 2/2
   515 | D:1      | Reached XP level 3. HP: 22/23 MP: 3/3
  1004 | D:2      | Reached XP level 4. HP: 29/29 MP: 4/4
  1271 | D:2      | Reached skill level 4 in Unarmed Combat
  1539 | D:3      | Identified 2 scrolls of acquirement
  1539 | D:3      | Acquired a ring of flight
  1540 | D:3      | Acquired a +2 hat
  1693 | D:3      | Noticed Jessica
  1950 | D:3      | Reached XP level 5. HP: 35/35 MP: 5/5
  2032 | D:3      | Reached skill level 5 in Unarmed Combat
  2260 | D:3      | Found Pocrodd's Book Shoppe.
  2364 | D:3      | Killed Jessica
  2365 | D:3      | Reached XP level 6. HP: 38/42 MP: 6/6
  2640 | D:4      | Found a staircase to the Ecumenical Temple.
  2651 | Temple   | Entered the Ecumenical Temple
  2847 | D:4      | Reached skill level 6 in Unarmed Combat
  2978 | D:4      | Reached XP level 7. HP: 36/47 MP: 7/7
  3320 | D:5      | Entered Level 5 of the Dungeon
  3484 | D:5      | Found a glowing drain.
  3495 | Sewer    | Entered a sewer
  3588 | Sewer    | Reached skill level 7 in Unarmed Combat
  3854 | D:5      | Noticed Pikel
  3955 | D:5      | Reached XP level 8. HP: 54/54 MP: 8/8
  4025 | D:5      | Reached skill level 5 in Fighting
  4036 | D:5      | Reached skill level 8 in Unarmed Combat
  4157 | D:5      | Killed Pikel
  4158 | D:5      | Reached skill level 9 in Unarmed Combat
  4736 | D:6      | Reached XP level 9. HP: 51/62 MP: 9/9
  4963 | D:6      | Noticed a troll
  5204 | D:6      | Reached skill level 10 in Unarmed Combat
  6495 | D:7      | Acquired 731 gold pieces
  7115 | D:7      | Found a broken altar of Ashenzari.
  7297 | Temple   | Became a worshipper of Dithmenos the Shadowed
  7438 | D:8      | Reached skill level 5 in Shapeshifting
  7532 | D:8      | Found a radiant altar of Vehumet.
  7533 | D:8      | Found a white marble altar of Elyvilon.
  7535 | D:8      | Found a shimmering blue altar of Sif Muna.
  7535 | D:8      | Found a burning altar of Makhleb.
  7633 | D:8      | Noticed a komodo dragon
  7803 | D:8      | Killed a komodo dragon
  7804 | D:8      | Reached XP level 10. HP: 56/71 MP: 10/10
  8256 | D:9      | Found a staircase to the Orcish Mines.
  8477 | D:9      | Reached skill level 1 in Stealth
  8683 | D:9      | Found a hazy altar of Hepliaklqana.
  8752 | D:9      | Noticed a two-headed ogre
  9033 | D:9      | Found a sacrificial altar of Ru.
  9042 | D:9      | Reached skill level 11 in Unarmed Combat
  9128 | D:9      | Found a shimmering altar of Xom.
  9406 | D:9      | Noticed a centaur warrior
  9437 | D:10     | Entered Level 10 of the Dungeon
  9815 | D:10     | Reached * piety under Dithmenos
 10219 | D:10     | Found Kuabbos's Magic Scroll Shoppe.
 10224 | D:10     | Bought a scroll of identify for 22 gold pieces
 10224 | D:10     | Bought a scroll of identify for 22 gold pieces
 10329 | D:10     | Found an ornate altar of the Wu Jian Council.
 10577 | D:11     | Noticed a gargoyle
 10593 | D:11     | Found a gate leading to a gauntlet.
 10621 | Gauntlet | Entered a Gauntlet
 10621 | Gauntlet | Found a transporter.
 10629 | Gauntlet | Noticed a reaper
 10685 | Gauntlet | Found a transporter.
 10687 | Gauntlet | Noticed a wolf spider
 10688 | Gauntlet | Noticed an entropy weaver
 10702 | Gauntlet | Found a transporter.
 10706 | Gauntlet | Found a transporter.
 10723 | Gauntlet | Noticed a moth of wrath
 10727 | Gauntlet | Found a transporter.
 10738 | Gauntlet | Noticed a death yak
 10739 | Gauntlet | Noticed a death yak
 10739 | Gauntlet | Noticed a death yak
 10740 | Gauntlet | Found a transporter.
 10741 | Gauntlet | Noticed a death yak
 10743 | Gauntlet | Noticed a torpor snail
 10743 | Gauntlet | Noticed a death yak
 10744 | Gauntlet | Noticed a death yak
 10748 | Gauntlet | Found a transporter.
 10752 | Gauntlet | Found a transporter.
 10775 | Gauntlet | Found a transporter.
 10778 | Gauntlet | Noticed a wretched star
 10804 | Gauntlet | Found a transporter.
 10804 | Gauntlet | Found a transporter.
 10805 | Gauntlet | Found a runed translucent door.
 10809 | Gauntlet | Found a transporter.
 10819 | Gauntlet | Found a runed translucent door.
 10914 | Gauntlet | Identified the amulet of the Priest {RegenMP rCorr Int+3
                  | Dex-3}
 10922 | Gauntlet | Mangled by a reaper

Illustrated notes

Levels and vault maps discovered:
D:1:      onia_arrival_mini_maze_b, layout_rooms, minmay_misc_feat_diagonals,
          minivault_23
D:2:      layout_loops_ring, minmay_curled_crystal, kennysheep_nondescript
D:3:      layout_basic, serial_shops, nicolae_shop_just_a_little_nook,
          minmay_misc_feat_chi, uniq_jessica
D:4:      layout_loops_ring, minmay_temple_entry_trees,
          kennysheep_generic_room_8
D:5:      layout_basic, gup_sewer_entry_bubbles,
          hangedman_decor_clover_reticule, minmay_misc_feat_room, uniq_pikel
D:6:      minmay_flawed_box, layout_cave_pods, minmay_chambers_of_fives
D:7:      layout_cave_pools, general_overflow_altar, serial_rivers,
          chequers_serial_rivers_micro_d, chequers_serial_rivers_large_b,
          chequers_serial_rivers_marsh, chequers_serial_rivers_micro_c,
          chequers_serial_rivers_room_a, chequers_serial_rivers_micro_c
D:8:      layout_loops_ring, chequers_temple_overflow_statue_of_worship,
          nicolae_concentric_dashed_squares_wild
D:9:      layout_loops_corners, nicolae_overflow_quartered_altars,
          minmay_orc_entry_guard_dogs, grunt_ministairs_8
D:10:     layout_roguey, nicolae_wu_jian_immortal_techniques, serial_shops,
          kennysheep_little_box, kennysheep_big_empty_room
D:11:     layout_rooms, lair_entry_dummy, enter_trove_1, gauntlet_entry_generic,
          slow_altar_2
Temple:   hellmonk_temple_flake
Gauntlet: minmay_gauntlet_mixed_oops_all_seconds
          [minmay_gauntlet_arena_77_shame_cube, nicolae_gauntlet_arena_blocks,
          minmay_gauntlet_arena_77_tiled_triplets,
          gammafunk_gauntlet_arena_crates, minmay_gauntlet_arena_77_braids,
          nicolae_gauntlet_arena_t_cross, gauntlet_exit_green]

Skill      XL: |  1  2  3  4  5  6  7  8  9 10 |
---------------+-------------------------------+-----
Fighting       | 2 3 4 6 7 |  7.9
Unarmed Combat | 4 5 6 7 9 10 11 | 11.4
Shapeshifting  | 6 7 |  7.4
Stealth        | 3 |  3.6
Dodging        | |  2.0

Action                     |  1- 3 |  4- 6 |  7- 9 | 10-12 || total
---------------------------+-------+-------+-------+-------++-------
  Melee: Unarmed           |    57 |    99 |   227 |   100 ||   483
         Constrict         |    15 |    25 |    46 |    21 ||   107
         Tentacles         |    12 |    25 |    50 |    24 ||   111
         Punch             |     1 |     4 |    17 |     6 ||    28
    Use: Scroll            |       |     8 |     7 |    11 ||    26
         Potion            |       |     1 |       |       ||     1
   Stab: Sleeping          |     5 |     7 |     4 |     1 ||    17
         Distracted        |       |       |       |     1 ||     1
 Armour: Skin              |    15 |    33 |    99 |    53 ||   200
  Dodge: Dodged            |    33 |    40 |   105 |    47 ||   225
